TOP OF THE 1ST |
Jeffersonville-Youngsville Central HS Trojans batting - Pitching for Bishop Verot HS : RHP Archie Sánchez
|
Pitching: RHP Archie Sánchez
|
|
Batting: LHB Tony Chávez
|
0-0: Called Strike 0-1: Reached on error, E6 (Groundball, 56)
|
Pitching: LHP Britt Peterson
|
|
Batting: RHB Murray Jackson
|
0-0: Ball 1-0: Fly out, F7 (Flyball, 7)
|
Batting: LHB Steve Parker
|
0-0: Swinging Strike 0-1: Fly out, F7 (Flyball, 7D)
|
Batting: RHB Glenn Brooks
|
0-0: Ball 1-0: Foul Ball, location: 2F 1-1: Ball 2-1: Foul Ball, location: 2F 2-2: SINGLE (Groundball, 56D) Tony Chávez to second
|
Batting: LHB Ed Williams
|
0-0: Called Strike 0-1: Foul Ball, location: 2F 0-2: Foul Ball, location: 2F 0-2: Ball 1-2: Ball 2-2: Strikes out swinging
|
Top of the 1st over - 0 runs, 1 hit, 1 error, 2 left on base; Jeffersonville-Youngsville Central HS 0 - Bishop Verot HS 0 |
BOTTOM OF THE 1ST |
Bishop Verot HS batting - Pitching for Jeffersonville-Youngsville Central HS Trojans : RHP Colton Sewell
|
Pitching: RHP Colton Sewell
|
|
Batting: RHB Rafael Sánchez
|
0-0: Called Strike 0-1: Called Strike 0-2: Strikes out swinging
|
Batting: LHB Fred Peters
|
0-0: Called Strike 0-1: Ball 1-1: Foul Ball, location: 2F 1-2: Foul Ball, location: 2F 1-2: SINGLE (Groundball, 6MD)
|
Batting: RHB Martin Davis
|
0-0: Foul Ball, location: 2F 0-1: Called Strike Fred Peters steals 2nd base 0-2: Ball 1-2: Strikes out swinging
|
Batting: RHB Mike Harris
|
0-0: Ball 1-0: Ball 2-0: Ball 3-0: Called Strike 3-1: Called Strike 3-2: Foul Ball, location: 2F 3-2: Base on Balls
|
Batting: LHB Mario Rodríguez
|
0-0: Called Strike 0-1: Swinging Strike 0-2: Strikes out looking
|
Bottom of the 1st over - 0 runs, 1 hit, 0 errors, 2 left on base; Jeffersonville-Youngsville Central HS 0 - Bishop Verot HS 0 |
TOP OF THE 2ND |
Jeffersonville-Youngsville Central HS Trojans batting - Pitching for Bishop Verot HS : LHP Britt Peterson
|
Batting: RHB Bob Perkins
|
0-0: Called Strike 0-1: Fly out, F9 (Flyball, 9LDF)
|
Batting: RHB Myron Preston
|
0-0: Ball 1-0: Fly out, F8 (Flyball, 8LD)
|
Batting: RHB Jeff Valentine
|
0-0: Ball 1-0: Called Strike 1-1: Ground out 5-3 (Groundball, 56S)
|
Top of the 2nd over - 0 runs, 0 hits, 0 errors, 0 left on base; Jeffersonville-Youngsville Central HS 0 - Bishop Verot HS 0 |
BOTTOM OF THE 2ND |
Bishop Verot HS batting - Pitching for Jeffersonville-Youngsville Central HS Trojans : RHP Colton Sewell
|
Batting: RHB Ken O'Quinn
|
0-0: Foul Ball, location: 2F 0-1: Ball 1-1: Fly out, F3 (Popup, 34S)
|
Batting: SHB Paul Johnson
|
0-0: Foul Ball, location: 2F 0-1: Swinging Strike 0-2: Ball 1-2: Ball 2-2: Ball 3-2: Foul Ball, location: 2F 3-2: Ground out 6-3 (Groundball, 6)
|
Batting: RHB Adam Trujillo
|
0-0: Called Strike 0-1: Swinging Strike 0-2: Strikes out swinging
|
Bottom of the 2nd over - 0 runs, 0 hits, 0 errors, 0 left on base; Jeffersonville-Youngsville Central HS 0 - Bishop Verot HS 0 |
TOP OF THE 3RD |
Jeffersonville-Youngsville Central HS Trojans batting - Pitching for Bishop Verot HS : LHP Britt Peterson
|
Batting: RHB John Goudie
|
0-0: Called Strike 0-1: Ball 1-1: Ball 2-1: Foul Ball, location: 2F 2-2: Foul Ball, location: 2F 2-2: Ball 3-2: Foul Ball, location: 2F 3-2: Foul Ball, location: 2F 3-2: Base on Balls
|
Batting: LHB Tony Chávez
|
0-0: Ball 1-0: Foul Ball, location: 2F 1-1: Ball 2-1: Ball 3-1: SINGLE (Flyball, 9LS) John Goudie to second Runner from 2nd tries for 3rd, SAFE, no throw
|
Batting: RHB Murray Jackson
|
0-0: Ball 1-0: Foul Ball, location: 2F 1-1: Called Strike 1-2: Foul Ball, location: 2F 1-2: Strikes out looking Tony Chávez steals 2nd base Batter strikes out.
|
Batting: LHB Steve Parker
|
0-0: Ball 1-0: Fly out, F2 (Popup, 2RF)
|
Batting: RHB Glenn Brooks
|
0-0: Fly out, F9 (Flyball, 89S)
|
Top of the 3rd over - 0 runs, 1 hit, 0 errors, 2 left on base; Jeffersonville-Youngsville Central HS 0 - Bishop Verot HS 0 |
BOTTOM OF THE 3RD |
Bishop Verot HS batting - Pitching for Jeffersonville-Youngsville Central HS Trojans : RHP Colton Sewell
|
Batting: RHB José Mejía
|
0-0: Foul Ball, location: 2F 0-1: Fly out, F8 (Flyball, 8RD)
|
Batting: RHB Rafael Sánchez
|
0-0: Ball 1-0: Ball 2-0: Ground out 5-3 (Groundball, 56)
|
Batting: LHB Fred Peters
|
0-0: Called Strike 0-1: Foul Ball, location: 2F 0-2: Ball 1-2: Strikes out swinging
|
Bottom of the 3rd over - 0 runs, 0 hits, 0 errors, 0 left on base; Jeffersonville-Youngsville Central HS 0 - Bishop Verot HS 0 |
TOP OF THE 4TH |
Jeffersonville-Youngsville Central HS Trojans batting - Pitching for Bishop Verot HS : LHP Britt Peterson
|
Batting: LHB Ed Williams
|
0-0: Called Strike 0-1: Foul Ball, location: 2F 0-2: Ball 1-2: Strikes out swinging
|
Batting: RHB Bob Perkins
|
0-0: Swinging Strike 0-1: Fly out, F9 (Flyball, 89M)
|
Batting: RHB Myron Preston
|
0-0: Swinging Strike 0-1: Ball 1-1: Foul Ball, location: 2F 1-2: Strikes out swinging
|
Top of the 4th over - 0 runs, 0 hits, 0 errors, 0 left on base; Jeffersonville-Youngsville Central HS 0 - Bishop Verot HS 0 |
BOTTOM OF THE 4TH |
Bishop Verot HS batting - Pitching for Jeffersonville-Youngsville Central HS Trojans : RHP Colton Sewell
|
Batting: RHB Martin Davis
|
0-0: Ball 1-0: Swinging Strike 1-1: Foul Ball, location: 2F 1-2: Strikes out swinging
|
Batting: RHB Mike Harris
|
0-0: Swinging Strike 0-1: Ball 1-1: SINGLE (Groundball, 6MD)
|
Batting: LHB Mario Rodríguez
|
0-0: Ball 1-0: Ball 2-0: Called Strike 2-1: Foul Ball, location: 2F 2-2: Foul Ball, location: 2F 2-2: Foul Ball, location: 2F 2-2: Strikes out swinging
|
Batting: RHB Ken O'Quinn
|
0-0: Ball 1-0: Ball 2-0: Called Strike 2-1: Ball 3-1: Foul Ball, location: 2F 3-2: 2-RUN HOME RUN (Flyball, 9D), Distance : 354 ft
|
Batting: SHB Paul Johnson
|
0-0: Ball 1-0: Swinging Strike 1-1: Ball 2-1: Ball 3-1: Base on Balls
|
Batting: RHB Adam Trujillo
|
0-0: Called Strike 0-1: Ball 1-1: Ball 2-1: Called Strike 2-2: Ball 3-2: Strikes out swinging
|
Bottom of the 4th over - 2 runs, 2 hits, 0 errors, 1 left on base; Jeffersonville-Youngsville Central HS 0 - Bishop Verot HS 2 |
TOP OF THE 5TH |
Jeffersonville-Youngsville Central HS Trojans batting - Pitching for Bishop Verot HS : LHP Britt Peterson
|
Batting: RHB Jeff Valentine
|
0-0: Ball 1-0: Ball 2-0: Ball 3-0: Called Strike 3-1: Foul Ball, location: 2F 3-2: Foul Ball, location: 2F 3-2: Fly out, F5 (Line Drive, 5S)
|
Batting: RHB John Goudie
|
0-0: SOLO HOME RUN (Flyball, 7LD), Distance : 344 ft
|
Batting: LHB Tony Chávez
|
0-0: Ball 1-0: Called Strike 1-1: Ball 2-1: Ground out U3 (Groundball, 34)
|
Batting: RHB Murray Jackson
|
0-0: Ball 1-0: Swinging Strike 1-1: Ball 2-1: Ball 3-1: Called Strike 3-2: Strikes out swinging
|
Top of the 5th over - 1 run, 1 hit, 0 errors, 0 left on base; Jeffersonville-Youngsville Central HS 1 - Bishop Verot HS 2 |
BOTTOM OF THE 5TH |
Bishop Verot HS batting - Pitching for Jeffersonville-Youngsville Central HS Trojans : RHP Colton Sewell
|
Batting: RHB José Mejía
|
0-0: Ball 1-0: Swinging Strike 1-1: Ground out 1-3 (Groundball, P)
|
Batting: RHB Rafael Sánchez
|
0-0: Called Strike 0-1: Ball 1-1: Foul Ball, location: 2F 1-2: Strikes out looking
|
Batting: LHB Fred Peters
|
0-0: Called Strike 0-1: Ball 1-1: Foul Ball, location: 2F 1-2: Ball 2-2: Ball 3-2: SINGLE (Line Drive, 34)
|
Pitching: RHP Phil Rivera
|
|
Batting: RHB Martin Davis
|
0-0: Called Strike 0-1: Fly out, F4 (Popup, 4)
|
Bottom of the 5th over - 0 runs, 1 hit, 0 errors, 1 left on base; Jeffersonville-Youngsville Central HS 1 - Bishop Verot HS 2 |
TOP OF THE 6TH |
Jeffersonville-Youngsville Central HS Trojans batting - Pitching for Bishop Verot HS : LHP Britt Peterson
|
Pitching: RHP Jesse Mitchell
|
|
Batting: LHB Steve Parker
|
0-0: Called Strike 0-1: Ball 1-1: Ball 2-1: Called Strike 2-2: Strikes out swinging
|
Batting: RHB Glenn Brooks
|
0-0: Ball 1-0: Ball 2-0: Foul Ball, location: 2F 2-1: Foul Ball, location: 2F 2-2: Strikes out swinging
|
Batting: LHB Ed Williams
|
0-0: Foul Ball, location: 2F 0-1: Ball 1-1: Swinging Strike 1-2: Strikes out looking
|
Top of the 6th over - 0 runs, 0 hits, 0 errors, 0 left on base; Jeffersonville-Youngsville Central HS 1 - Bishop Verot HS 2 |
BOTTOM OF THE 6TH |
Bishop Verot HS batting - Pitching for Jeffersonville-Youngsville Central HS Trojans : RHP Phil Rivera
|
Batting: RHB Mike Harris
|
0-0: Swinging Strike 0-1: Foul Ball, location: 2F 0-2: Fly out, F5 (Popup, 5)
|
Batting: LHB Mario Rodríguez
|
0-0: Ball 1-0: Ball 2-0: Ball 3-0: Called Strike 3-1: Called Strike 3-2: Fly out, F8 (Flyball, 8LD)
|
Batting: RHB Ken O'Quinn
|
0-0: SINGLE (Line Drive, 6D)
|
Batting: SHB Paul Johnson
|
0-0: Ball 1-0: Foul Ball, location: 2F 1-1: Ball 2-1: Ball 3-1: Called Strike 3-2: Foul Ball, location: 2F 3-2: Ground out 4-3 (Groundball, 34)
|
Bottom of the 6th over - 0 runs, 1 hit, 0 errors, 1 left on base; Jeffersonville-Youngsville Central HS 1 - Bishop Verot HS 2 |
TOP OF THE 7TH |
Jeffersonville-Youngsville Central HS Trojans batting - Pitching for Bishop Verot HS : RHP Jesse Mitchell
|
Batting: RHB Bob Perkins
|
0-0: Ball 1-0: Called Strike 1-1: Ball 2-1: Foul Ball, location: 2F 2-2: Foul Ball, location: 2F 2-2: Ball 3-2: Foul Ball, location: 2F 3-2: Foul Ball, location: 2F 3-2: Base on Balls
|
Batting: RHB Myron Preston
|
0-0: Ball 1-0: Ball 2-0: Ball 3-0: Called Strike 3-1: Base on Balls Bob Perkins to second
|
Batting: RHB Jeff Valentine
|
0-0: Bunt missed! 0-1: Bunt - Flyout! F2
|
Batting: RHB John Goudie
|
0-0: Ball 1-0: Called Strike 1-1: Swinging Strike 1-2: Strikes out swinging
|
Pitching: LHP Jon Hudson
|
|
Batting: LHB Tony Chávez
|
0-0: Foul Ball, location: 2F 0-1: Foul Ball, location: 2F 0-2: Ball 1-2: 3-RUN HOME RUN (Flyball, 9LD), Distance : 333 ft
|
Pitching: RHP Charlie Newell
|
|
Batting: RHB Murray Jackson
|
0-0: Ball 1-0: Ball 2-0: Ball 3-0: Called Strike 3-1: Swinging Strike 3-2: Fly out, F5 (Line Drive, 5)
|
Top of the 7th over - 3 runs, 1 hit, 0 errors, 0 left on base; Jeffersonville-Youngsville Central HS 4 - Bishop Verot HS 2 |
BOTTOM OF THE 7TH |
Bishop Verot HS batting - Pitching for Jeffersonville-Youngsville Central HS Trojans : RHP Phil Rivera
|
Batting: RHB Adam Trujillo
|
0-0: Ball 1-0: Ball 2-0: Ball 3-0: Called Strike 3-1: Base on Balls
|
Batting: RHB José Mejía
|
0-0: Called Strike 0-1: Called Strike 0-2: Ball 1-2: Fly out, F9 (Flyball, 89S)
|
Batting: RHB Rafael Sánchez
|
0-0: Ball 1-0: Ball 2-0: Ball 3-0: Base on Balls Adam Trujillo to second
|
Batting: LHB Fred Peters
|
0-0: Ball 1-0: Fly out, F6 (Line Drive, 6M)
|
Batting: RHB Martin Davis
|
0-0: Ball 1-0: Foul Ball, location: 2F 1-1: Foul Ball, location: 2F 1-2: 3-RUN HOME RUN (Line Drive, 7D), Distance : 370 ft
|
Pitching: LHP Derek Chipman
|
|
Batting: RHB Mike Harris
|
0-0: Called Strike 0-1: Swinging Strike 0-2: Ball 1-2: Ball 2-2: Ball 3-2: Strikes out swinging
|
Bottom of the 7th over - 3 runs, 1 hit, 0 errors, 0 left on base; Jeffersonville-Youngsville Central HS 4 - Bishop Verot HS 5 |
TOP OF THE 8TH |
Jeffersonville-Youngsville Central HS Trojans batting - Pitching for Bishop Verot HS : RHP Charlie Newell
|
Now in RF: Frank Rangel
|
|
Batting: LHB Steve Parker
|
0-0: Called Strike 0-1: Called Strike 0-2: Ball 1-2: Strikes out looking
|
Batting: RHB Glenn Brooks
|
0-0: Foul Ball, location: 2F 0-1: Ball 1-1: Ball 2-1: Foul Ball, location: 2F 2-2: Fly out, F1 (Line Drive, 13)
|
Batting: LHB Ed Williams
|
0-0: Ball 1-0: Foul Ball, location: 2F 1-1: Ball 2-1: Foul Ball, location: 2F 2-2: Ground out 4-3 (Groundball, 34)
|
Top of the 8th over - 0 runs, 0 hits, 0 errors, 0 left on base; Jeffersonville-Youngsville Central HS 4 - Bishop Verot HS 5 |
BOTTOM OF THE 8TH |
Bishop Verot HS batting - Pitching for Jeffersonville-Youngsville Central HS Trojans : LHP Derek Chipman
|
Batting: LHB Mario Rodríguez
|
0-0: Called Strike 0-1: Swinging Strike 0-2: Strikes out swinging
|
Batting: RHB Ken O'Quinn
|
0-0: Ball 1-0: Called Strike 1-1: Called Strike 1-2: Foul Ball, location: 2F 1-2: Ball 2-2: Ball 3-2: Fly out, F7 (Flyball, 7S)
|
Batting: SHB Paul Johnson
|
0-0: Ground out 3-1 (Groundball, 34S)
|
Bottom of the 8th over - 0 runs, 0 hits, 0 errors, 0 left on base; Jeffersonville-Youngsville Central HS 4 - Bishop Verot HS 5 |
TOP OF THE 9TH |
Jeffersonville-Youngsville Central HS Trojans batting - Pitching for Bishop Verot HS : RHP Charlie Newell
|
Pitching: RHP José García
|
|
Batting: RHB Bob Perkins
|
0-0: Ball 1-0: Ground out 6-3 (Groundball, 6)
|
Batting: RHB Myron Preston
|
0-0: Foul Ball, location: 2F 0-1: Ball 1-1: Ball 2-1: Called Strike 2-2: Strikes out looking
|
Batting: RHB Jeff Valentine
|
0-0: Foul Ball, location: 2F 0-1: Ball 1-1: Ball 2-1: Foul Ball, location: 2F 2-2: Strikes out looking
|
Top of the 9th over - 0 runs, 0 hits, 0 errors, 0 left on base; Jeffersonville-Youngsville Central HS 4 - Bishop Verot HS 5 |
|